 Dungeon Crawl Stone Soup version 0.24.0-125-gc4c63601f3 (webtiles) character file.

Game seed: 12095100443216044972, levelgen mode: deterministic

265 DarkAlice the Shield-Bearer (level 5, 0/49 HPs)
             Began as a Deep Dwarf Fighter on Feb 19, 2020.
             Was an Initiate of Gozag.
             Slain by a gnoll
             ... wielding a +0 club
              (2 damage)
             ... on level 5 of the Dungeon.
             The game lasted 00:26:10 (2575 turns).

DarkAlice the Shield-Bearer (Deep Dwarf Fighter)    Turns: 2575, Time: 00:26:11

Health: 0/49       AC: 10    Str: 19    XL:     5   Next: 99%
Magic:  5/5        EV:  8    Int:  9    God:    Gozag
Gold:   276        SH:  9    Dex: 13    Spells: 4/4 levels left

rFire    . . .     SeeInvis .   s - +0 falchion
rCold    . . .     Gourm    .   c - +0 shield
rNeg     . . .     Faith    .   b - +1 scale mail
rPois    .         Spirit   .   p - +0 helmet
rElec    .         Reflect  .   (no cloak)
rCorr    .         Harm     .   k - +0 pair of gloves
MR       .....                  (no boots)
Stlth    ..........             (no amulet)
HPRegen  0.00/turn              (no ring)
MPRegen  0.09/turn              (no ring)

@: about to teleport, gold aura, non-regenerating
A: damage resistance, heal wounds, sense surroundings 1, no regeneration
a: Heal Wounds, Potion Petition, Call Merchant, Bribe Branch, Renounce Religion


You were on level 5 of the Dungeon.
You worshipped Gozag.
Gozag was aware of your devotion.
You were not hungry.

You visited 1 branch of the dungeon, and saw 5 of its levels.

You collected 330 gold pieces.
You paid 54 gold pieces to Gozag.

Inventory:

Hand Weapons
 a - a +0 long sword
 h - a +0 mace
 s - a +0 falchion (weapon)
 u - a +0 flail
Missiles
 d - 6 curare-tipped darts
 t - 3 poisoned darts (quivered)
Armour
 b - a +1 scale mail (worn)
 c - a +0 shield (worn)
 k - a +0 pair of gloves (worn)
 p - a +0 helmet (worn)
Jewellery
 j - an uncursed ring of fire
Scrolls
 e - a scroll of teleportation
 l - a scroll of immolation
Comestibles
 f - 4 rations


   Skills:
 + Level 3.6 Fighting
 + Level 3.1 Long Blades
 + Level 1.5 Maces & Flails
 + Level 0.2 Throwing
 + Level 4.3 Armour
 + Level 1.5 Dodging
 + Level 0.4 Stealth
 + Level 4.5 Shields


You had 4 spell levels left.
You didn't know any spells.
Your spell library was empty.

Dungeon Overview and Level Annotations

Branches:
Dungeon (5/15)
 Temple: D:4-7

Altars:
Elyvilon
Gozag


Innate Abilities, Weirdness & Mutations

You are resistant to damage.
You can heal yourself by infusing magical energy.
You passively map a small area around you.
You do not regenerate.


Message History

You completely miss the gnoll.
The gnoll is moderately wounded.
The gnoll hits you with a +0 flail. You block the gnoll's attack.
You slash the gnoll!
The gnoll is almost dead.
The gnoll hits you with a +0 flail. The gnoll hits you but does no damage.
You hit the gnoll.
You kill the gnoll!
The gnoll hits you from afar with a +0 halberd!
* * * LOW HITPOINT WARNING * * *
As you read the scroll labeled DICAUR BAEXT, it crumbles to dust.
You feel strangely unstable.
It was a scroll of teleportation.
The gnoll hits you with a +0 club!
* * * LOW HITPOINT WARNING * * *
The gnoll hits you from afar with a +0 halberd.
* * * LOW HITPOINT WARNING * * *
You aren't carrying any potions.
You fail to use your ability.
The gnoll hits you with a +0 club.
You die...
Your body crumbles into a pile of gold.

...#...... , *
###.#....(# * *
,..........###
####.........#
*
,..........(..#
*###.........#
* #.g.......# *
###g####### #@#
, ,, #.### ,
###...# #.#.###
$ #<#.# ,,
#.#.#####, ,,
#.#.....# * *
####.#####.# *
* #..........#,
,


You could see 2 gnolls.

Vanquished Creatures
  A scorpion (D:4)
  A jelly (D:2)
  An iguana (D:4)
  Robin (D:3)
  A gnoll (D:5)
  5 adders
  An ooze (D:3)
  2 worms (D:3)
  2 dart slugs
  3 leopard geckos
  An orc (D:3)
  4 bats
  2 giant cockroaches
  11 goblins
  7 hobgoblins (D:3)
  8 jackals (D:2)
  2 quokkas
  4 ball pythons
  5 frilled lizards
  5 kobolds
  4 rats
71 creatures vanquished.

Vanquished Creatures (others)
  4 toadstools (D:1)
4 creatures vanquished.

Grand Total: 75 creatures vanquished

Notes
Turn   | Place    | Note
-------+----------+-------------------------------------------
     0 | D:1      | DarkAlice the Deep Dwarf Fighter began the quest for the
                  | Orb.
     0 | D:1      | Reached XP level 1. HP: 20/20 MP: 1/1
   405 | D:1      | Reached XP level 2. HP: 25/28 MP: 2/2
   806 | D:2      | Reached XP level 3. HP: 22/34 MP: 3/3
   941 | D:2      | Found a white marble altar of Elyvilon.
  1159 | D:2      | Reached XP level 4. HP: 22/42 MP: 4/4
  1961 | D:3      | Found an opulent altar of Gozag.
  1969 | D:3      | Became a worshipper of Gozag Ym Sagoz the Greedy
  2049 | D:3      | Reached skill level 1 in Dodging
  2105 | D:3      | Noticed Robin
  2112 | D:3      | Reached XP level 5. HP: 26/49 MP: 5/5
  2164 | D:3      | Killed Robin
  2346 | D:4      | Reached skill level 1 in Maces & Flails
  2513 | D:5      | Entered Level 5 of the Dungeon
  2574 | D:5      | HP: 2/49 [gnoll/+0 halberd (3)]
  2575 | D:5      | Slain by a gnoll

Levels and vault maps discovered:
D:1:      ldierk_water_garden, layout_basic, st_stairs_6,
          minmay_misc_feat_pillars
D:2:      layout_basic, lemuel_round_altar
D:3:      layout_basic, lemuel_coloured_pillars_altar,
          cheibrodos_sewer_entry_sluice, uniq_robin
D:4:      layout_cave_pods, minmay_temple_entry_gardened_gates, serial_shops,
          nicolae_shop_behind_doors
D:5:      layout_basic, first_ration

Skill      XL: |  1  2  3  4  5 |
---------------+----------------+-----
Fighting       | 3 |  3.6
Armour         | 4 |  4.3
Shields        | 4 |  4.5
Dodging        | 1 |  1.5
Long Blades    | 3 |  3.1
Maces & Flails | 1 |  1.5
Throwing       | |  0.2
Stealth        | |  0.4

Action                   |  1- 3 |  4- 6 || total
-------------------------+-------+-------++-------
Melee: Long sword        |    68 |       ||    68
       Falchion          |       |   113 ||   113
       Mace              |       |    18 ||    18
       Flail             |       |    38 ||    38
Throw: Dart              |       |     9 ||     9
Invok: Potion Petition   |       |     1 ||     1
 Abil: Heal Wounds       |       |     1 ||     1
  Use: Scroll            |     1 |     9 ||    10
       Potion            |     1 |     5 ||     6
 Stab: Invisible         |       |     1 ||     1
  Eat: Ration            |       |     2 ||     2
Armor: Scale mail        |    47 |    74 ||   121
Dodge: Dodged            |    26 |    67 ||    93
Block: Shield            |    48 |   101 ||   149
       Rpst.: Long sword |     9 |       ||     9
       Falchion          |       |    17 ||    17
